 Dungeon Crawl Stone Soup version 0.26.1-2-gb8aa6d0cf2 (webtiles) character file.

Game seed: 18048346713029324982

994 Phaedo the Sneak (level 7, -2/57 HPs)
             Began as a Demigod Delver on Mar 25, 2021.
             Splashed by Ijyb's acid (11 damage)
             ... on level 5 of the Dungeon.
             The game lasted 00:15:19 (6931 turns).

Phaedo the Sneak (Demigod Delver)                   Turns: 6931, Time: 00:15:20

Health: -2/57      AC:  0    Str: 15    XL:     7   Next: 66%
Magic:  9/9        EV: 14    Int: 22    God:
Gold:   219        SH:  0    Dex: 17    Spells: 6/6 levels left

rFire    + . .     SeeInvis .   a - +0 mace
rCold    . . .     Faith    .   (no shield)
rNeg     . . .     Spirit   .   b - +0 leather armour
rPois    .         Reflect  .   (no helmet)
rElec    .         Harm     .   (no cloak)
rCorr    .         Rampage  .   (no gloves)
Will     +....                  w - +0 pair of boots
Stlth    ++++......             (no amulet)
HPRegen  0.19/turn              l - ring of stealth
MPRegen  0.11/turn              A - ring of Miem {*Drain rF+ Will+ Int+4 Slay+3}

@: corroded
A: high mp 1
a: no special abilities


You were on level 5 of the Dungeon.
You visited 1 branch of the dungeon, and saw 5 of its levels.

You collected 219 gold pieces.

Inventory:

Hand Weapons
 a - a +0 mace (weapon)
 f - a +0 flail
Missiles
 h - 93 arrows
 i - 5 curare-tipped darts
 k - 138 stones
 n - 35 poisoned darts (quivered)
 q - 27 sling bullets
Armour
 b - a +0 leather armour (worn)
 w - a +0 pair of boots (worn)
Jewellery
 l - a ring of stealth (left hand)
 o - an uncursed ring of flight
 A - the ring of Miem (right hand) {*Drain rF+ Will+ Int+4 Slay+3}
   (You took it off an orc on level 4 of the Dungeon)

   [ring of willpower]

   It affects your intelligence (+4).
   It affects your accuracy and damage with ranged weapons and melee attacks
   (+3).
   It protects you from fire.
   It affects your willpower, your defense against some magical effects.
   It causes draining when unequipped.
Wands
 g - a wand of digging (3)
 y - a wand of enslavement (9)
 C - a wand of iceblast (13)
Scrolls
 c - a scroll of fog
 d - 4 scrolls of magic mapping
 e - a scroll of fear
 p - 5 scrolls of identify {unknown}
 r - 3 scrolls of teleportation
 s - 2 scrolls of enchant weapon {unknown}
 t - a scroll of enchant armour {unknown}
 v - a scroll of amnesia {unknown}
 x - 2 scrolls of blinking {unknown}
 B - a scroll of immolation {unknown}
Potions
 j - a potion of flight {unknown}
 m - a potion of attraction
 u - a potion of degeneration
 z - a potion of invisibility {unknown}


   Skills:
 + Level 3.6 Fighting
 * Level 6.0 Maces & Flails
 + Level 4.4 Dodging
 - Level 6.1 Stealth


You had 6 spell levels left.
You didn't know any spells.
Your spell library was empty.

Dungeon Overview and Level Annotations

Branches:
Dungeon (5/15)             Temple (0/1) D:4

Annotations:
D:5 Ijyb


Innate Abilities, Weirdness & Mutations

You have an increased reservoir of magic. (+10% MP)


Message History

Unknown command.
Throw: 38 darts (poison)
Press: ? - help, Q - select action, (/) - cycle Shift-Dir - straight line, f/p - Ijyb
Aim: Ijyb, wielding a +0 vampiric dagger, wearing a cursed +0 leather armour and carrying a wand of acid (9) (poisoned, 58% to hit)
You throw a poisoned dart. The poisoned dart closely misses Ijyb.
Ijyb screams, "Get away!"
Throw: 37 darts (poison)
Press: ? - help, Q - select action, (/) - cycle Shift-Dir - straight line, f/p - Ijyb
Aim: Ijyb, wielding a +0 vampiric dagger, wearing a cursed +0 leather armour and carrying a wand of acid (9) (lightly wounded, poisoned, 58% to hit)
You throw a poisoned dart. The poisoned dart barely misses Ijyb.
Throw: 36 darts (poison)
Press: ? - help, Q - select action, (/) - cycle Shift-Dir - straight line, f/p - Ijyb
Aim: Ijyb, wielding a +0 vampiric dagger, wearing a cursed +0 leather armour and carrying a wand of acid (9) (lightly wounded, poisoned, 58% to hit)
You throw a poisoned dart. The poisoned dart hits Ijyb.
Ijyb is lightly wounded.
Okay, then.
Ijyb zaps a wand.
The bolt of acid hits you!!
* * * LOW HITPOINT WARNING * * *
You are splashed with acid!
You die...

#.# #... #.#
##.. #.# #..
#.# #..
#.##########
##.
#.#†........
## ##(##
##.#†########
.(.((.#....#
#..g.@.#
#.#....#
...##.#.# ##.
....# #
##.### #+#


You could see Ijyb (poisoned).

Vanquished Creatures
  Prince Ribbit (D:5)
  An ice beast (D:5)
  An ogre (D:5)
  A sky beast (D:2)
  A black bear (D:4)
  A scorpion (D:4)
  A hound (D:4)
  A jelly (D:5)
  An iguana (D:4)
  4 worker ants
  4 gnolls (D:2)
  7 adders
  An ooze (D:2)
  3 worms
  3 dart slugs
  2 leopard geckos
  6 orcs
  4 bats
  6 giant cockroaches
  7 goblins
  9 hobgoblins
  16 jackals
  11 kobolds
  3 ball pythons
  8 frilled lizards
  A quokka skeleton (D:4)
  14 rats
118 creatures vanquished.

Notes
Turn   | Place    | Note
-------+----------+-------------------------------------------
     0 | D:5      | Phaedo the Demigod Delver began the quest for the Orb.
     0 | D:5      | Reached XP level 1. HP: 18/18 MP: 3/3
   124 | D:4      | Noticed a black bear
   143 | D:4      | You fall into a shaft and drop 1 floor!
   150 | D:5      | Reached XP level 2. HP: 23/25 MP: 4/4
   943 | D:1      | Reached skill level 5 in Stealth
   957 | D:1      | Reached XP level 3. HP: 20/30 MP: 5/5
  2469 | D:2      | Noticed a sky beast
  2613 | D:2      | Reached XP level 4. HP: 4/37 MP: 6/6
  3872 | D:2      | Killed a sky beast
  3873 | D:2      | Reached XP level 5. HP: 44/44 MP: 7/7
  5197 | D:4      | Found an opulent altar of Gozag.
  5197 | D:4      | Found a burning altar of Makhleb.
  5197 | D:4      | Found an iron altar of Okawaru.
  5197 | D:4      | Found a sparkling altar of Nemelex Xobeh.
  5197 | D:4      | Found a bloodstained altar of Trog.
  5294 | D:4      | Reached XP level 6. HP: 50/50 MP: 8/8
  5595 | D:4      | Found a hide-covered altar of Uskayaw.
  5597 | D:4      | Found a stormy altar of Qazlal.
  5798 | D:4      | Found a radiant altar of Vehumet.
  5847 | D:4      | Found a staircase to the Ecumenical Temple.
  5864 | D:4      | Reached skill level 5 in Maces & Flails
  6019 | D:4      | Identified the ring of Miem {*Drain rF+ Will+ Int+4 Slay+3}
  6284 | D:5      | Reached XP level 7. HP: 36/57 MP: 9/9
  6411 | D:5      | Noticed Prince Ribbit
  6458 | D:5      | Killed Prince Ribbit
  6923 | D:5      | Noticed Ijyb
  6931 | D:5      | Splashed by Ijyb's acid

Illustrated notes

Levels and vault maps discovered:
D:1:      amcnicky_arrival_blooded_trapdoor, layout_basic
D:2:      layout_basic, minmay_heptomino_o4
D:3:      layout_loops_corners
D:4:      layout_basic, grunt_temple_overflow_open,
          minmay_temple_entry_statues_fountains
D:5:      layout_loops_corners, serial_shops, shop_statue,
          hangedman_decor_growths, serial_bayou_pond_c, uniq_prince_ribbit1,
          uniq_sigmund, uniq_ijyb, uniq_menkaure, uniq_blork_the_orc

Skill      XL: |  1  2  3  4  5  6  7 |
---------------+----------------------+-----
Maces & Flails | 2 3 4 5 6 |  6.0
Dodging        | 2 3 4 |  4.4
Stealth        | 5 6 |  6.1
Fighting       | 3 |  3.6

Action                   |  1- 3 |  4- 6 |  7- 9 || total
-------------------------+-------+-------+-------++-------
Melee: Mace              |   164 |   156 |    25 ||   345
Throw: Dart              |    27 |    81 |    42 ||   150
       Stone             |     3 |       |       ||     3
  Use: Potion            |     5 |     3 |       ||     8
       Scroll            |     3 |     2 |       ||     5
 Stab: Sleeping          |    11 |    13 |       ||    24
       Distracted        |       |     4 |       ||     4
Armor: Leather armour    |    63 |    44 |     4 ||   111
       Skin              |     2 |     6 |       ||     8
Dodge: Dodged            |   129 |   142 |    15 ||   286
